 Dungeon Crawl Stone Soup version 0.16-a0-1243-g6e0463c (webtiles) character file.

59481 Kashira the Cleaver (level 14, -6/103 HPs)
             Began as a Vine Stalker Berserker on Oct 12, 2014.
             Was the Champion of Trog.
             Mangled by a merfolk impaler
             ... wielding a +2 antimagic trident
              (11 damage)
             ... on level 1 of the Shoals on Oct 13, 2014.
             The game lasted 01:37:56 (21663 turns).

Kashira the Cleaver (Vine Stalker Berserker)       Turns: 21663, Time: 01:37:56

Health: -6/103     AC: 23    Str: 26    XL:     14   Next: 95%
Magic:  0/25       EV: 13    Int: 11    God:    Trog [******]
Gold:   431        SH:  0    Dex: 16    Spells: 0 memorised, 13 levels left

rFire  + . .     SeeInvis .     l - +3 executioner's axe (elec)
rCold  . . .     Clarity  .     Y - +2 chain mail {rPois}
rNeg   + . .     SustAb   .     (no shield)
rPois  +         Gourm    .     U - +2 helmet of Narcissism {Str+1 Int+1}
rElec  .         Spirit   +     A - +1 cloak
rCorr  .         Warding  +     S - +1 pair of gloves
rMut   .         Rnd*Tele +     (no boots)
MR     +....                    K - amulet of warding
Stlth  ..........               C - ring of protection from fire
                                q - ring of stealth

@: berserking, lethally poisoned, very quick, somewhat resistant to hostile
enchantments, extremely unstealthy
A: fangs 3, icy blue scales 1, slimy green scales 1, breathe flames 1, frail 1,
poison resistance, regeneration 3, teleportitis 1, magic shield, antimagic bite,
no device heal 3, rot immunity
a: Burn Spellbooks, Berserk, Trog's Hand, Brothers in Arms, Renounce Religion,
Breathe Fire


You were on level 1 of the Shoals.
You worshipped Trog.
Trog was exalted by your worship.
You were not hungry.

You visited 4 branches of the dungeon, and saw 25 of its levels.
You also visited: Ossuary and Ice Cave.

You collected 2581 gold pieces.
You spent 2150 gold pieces at shops.

Inventory:

Hand weapons
 b - a +4 battleaxe of flaming
 l - a +3 executioner's axe of electrocution (weapon)
Missiles
 i - 3 throwing nets (quivered)
 G - 3 tomahawks of dispersal
Armour
 A - a +1 cloak (worn)
 S - a +1 pair of gloves (worn)
 U - the +2 helmet of Narcissism (worn) {Str+1 Int+1}
   (You found it on level 8 of the Lair of Beasts)

   It affects your strength (+1).
   It affects your intelligence (+1).
 Y - a +2 chain mail of poison resistance (worn)
Jewellery
 d - an uncursed amulet of stasis
 e - an uncursed ring of protection from cold
 q - a ring of stealth (left hand)
 C - a ring of protection from fire (right hand)
 K - an amulet of warding (around neck)
Magical devices
 r - a wand of disintegration (11)
 s - a wand of digging (8)
 F - a wand of lightning (2)
 P - a wand of fire (6)
Scrolls
 g - 10 scrolls of teleportation
 w - a scroll of summoning
 y - 6 scrolls of magic mapping
 M - 4 scrolls of fog
Potions
 k - a potion of resistance
 m - 4 potions of agility
 o - 4 potions of curing
 x - 3 potions of haste
 R - a potion of cancellation
Miscellaneous
 z - a lantern of shadows
 O - a lamp of fire
 Q - a fan of gales
 X - a sack of spiders
Comestibles
 c - 10 bread rations
 B - 12 fruits


   Skills:
 + Level 10.8 Fighting
 + Level 13.8 Axes
 + Level 6.7 Armour
 + Level 11.3 Dodging
 - Level 9.0 Stealth
 * Level 5.9 Evocations


You had 13 spell levels left.
You didn't know any spells.

Dungeon Overview and Level Annotations

Branches:
Dungeon (12/15)            Temple (0/1) D:6             Orc (4/4) D:12
    Elf (0/3) Orc:3          Lair (8/8) D:8          Shoals (1/5) Lair:5
 Spider (0/5) Lair:5        Slime (0/6) Lair:6

Altars:
Elyvilon
Kikubaaqudgha
Qazlal
Ru
Trog
Vehumet
Xom
Zin

Shops:
Orc:1 =   Orc:4 ((}*

Annotations:
Lair:5 4 exclusions


Innate Abilities, Weirdness & Mutations

You have razor-sharp teeth.
You regenerate.
When hurt, damage is shared between your health and your magic reserves.
Your bite disrupts and absorbs the magic of your enemies.
Potions and wands cannot restore your health.
You are immune to rotting.
You are partially covered in icy blue scales (AC +1).
You are partially covered in slimy green scales (AC +2).
You can breathe flames.
You are frail (-10% HP).
Your system is resistant to poisons.
Space occasionally distorts in your vicinity.


Message History

You feel quite a bit more hungry.
You feel sick.
The merfolk impaler hits you with an antimagic trident!
You feel your power leaking away. The merfolk javelineer misses you.
You closely miss the merfolk impaler. Your bite misses the merfolk impaler.
The merfolk impaler is moderately wounded.
You feel sick.
The merfolk impaler hits you but does no damage.
You slash the merfolk impaler!
The merfolk impaler is heavily wounded.
You feel sick.
The merfolk impaler hits you with an antimagic trident!
* * * LOW HITPOINT WARNING * * *
The merfolk javelineer hits you from afar with a spear of venom!
* * * LOW HITPOINT WARNING * * *
You miss the merfolk impaler. Your bite misses the merfolk impaler.
The merfolk impaler is heavily wounded.
You feel sick.
The merfolk impaler hits you with an antimagic trident!
You die...

≈≈≈≈≈≈≈≈..≈≈≈≈≈≈≈≈
.≈≈≈≈≈≈≈≈≈≈≈≈...≈≈≈≈≈
..≈≈≈≈≈≈≈≈≈.≈≈..≈≈≈≈≈≈
...≈≈≈≈≈≈≈≈≈...≈..≈≈≈≈≈
...(≈≈...≈≈≈≈≈...≈≈≈≈≈≈≈
.......≈≈≈≈≈≈≈≈...≈≈≈≈≈≈
≈......≈≈≈#####≈≈<..≈≈≈≈≈
≈≈≈≈≈...≈≈# ≈≈≈##≈....≈≈≈≈
≈≈≈≈≈....@#≈≈≈≈≈#≈....≈≈≈≈
≈≈≈≈≈≈....mm≈≈≈≈#≈....≈≈≈≈
≈≈≈≈≈≈≈....#≈≈≈≈≈#≈...≈≈≈≈≈
≈≈≈≈≈≈≈..≈≈##≈≈≈##≈..≈≈≈≈≈≈
≈≈≈≈≈≈≈≈.≈≈≈#####≈≈.≈≈≈≈≈≈≈
≈≈≈≈≈≈≈≈..≈≈≈≈≈≈≈≈.≈≈≈≈≈≈≈≈
.≈≈≈≈≈...........≈≈≈≈≈≈≈≈≈
≈≈≈≈≈≈.......).).≈≈≈≈≈≈≈≈≈
≈≈≈≈≈................≈≈≈≈≈


You could see a merfolk impaler and a merfolk javelineer.

Vanquished Creatures
  A merfolk javelineer (Shoals:1)
  A merfolk impaler (Shoals:1)
  Fannar (Lair:2)
  A hydra (Lair:8)
  4 ogre magi (Orc:4)
  3 death yaks (Lair:8)
  The ghost of hackum the Slasher, an experienced DgFi (D:6)
  A fire crab (Lair:7)
  A sea snake (Shoals:1)
  3 ice statues (IceCv)
  A necromancer (IceCv)
  A hill giant (D:11)
  A cyclops (D:12)
  2 griffons
  An orc sorcerer (Orc:3)
  Joseph (D:8)
  6 elephants
  3 black mambas
  2 komodo dragons
  2 torpor snails
  A gargoyle (D:11)
  An eye of devastation (Lair:6)
  Psyche (Orc:1)
  9 spiny frogs
  A spriggan druid (Lair:8)
  Grinder (D:3)
  3 merfolk (Shoals:1)
  9 polar bears
  3 trolls
  2 fire drakes
  Prince Ribbit (D:4)
  5 blue devils (IceCv)
  15 blink frogs
  A boulder beetle (Lair:4)
  15 two-headed ogres
  A basilisk (Lair:5)
  3 deep elf magi
  9 hogs (Lair:8)
  Eustachio (D:8)
  2 wyverns
  5 wargs (Lair:8)
  22 wolves
  19 yaks
  6 hippogriffs
  Edmund (D:9)
  A hill giant skeleton (D:7)
  Menkaure (D:4)
  A hungry ghost (D:11)
  8 porcupines
  4 hell hounds (Lair:8)
  6 black bears (Lair:8)
  3 phantoms
  11 orc warriors
  7 ice beasts
  3 yellow wasps
  2 swamp drakes
  5 water moccasins
  A boring beetle (Lair:8)
  30 ogres
  3 sky beasts
  4 centaurs
  Sigmund (D:2)
  Duvessa (D:6)
  8 crocodiles
  17 giant frogs
  8 big kobolds
  A scorpion (D:4)
  13 killer bees
  An eye of draining (Lair:6)
  A vampire bat (D:3)
  A troll skeleton (D:12)
  2 electric eels (Lair:5)
  3 wights (D:12)
  Dowan (D:6)
  A goliath beetle (D:9)
  A giant frog zombie (D:10)
  A centaur zombie (D:6)
  A giant frog skeleton (D:10)
  6 crimson imps
  4 draconian simulacra (IceCv)
  26 hounds
  16 orc priests
  An iron imp (Orc:4)
  5 iguanas
  25 orc wizards
  Natasha (twice) (D:6)
  8 worker ants
  A troll simulacrum (IceCv)
  8 sheep (Lair:6)
  Ijyb (D:6)
  Jessica (D:2)
  A big kobold zombie (Ossuary)
  An ogre skeleton (D:9)
  2 centaur simulacra (IceCv)
  A hound skeleton (D:9)
  8 mummies (Ossuary)
  4 gnolls (D:2)
  2 naga simulacra (IceCv)
  An ogre simulacrum (IceCv)
  24 adders
  24 green rats
  4 shadow imps
  13 white imps
  2 giant mites
  An ufetubus (D:8)
  A gnoll skeleton (D:5)
  An ooze (D:4)
  123 orcs
  23 goblins
  19 hobgoblins
  15 jackals
  21 kobolds
  11 quokkas
  2 ball pythons
  18 bats
  5 giant cockroaches
  3 giant geckos
  4 giant newts
  A goblin skeleton (D:5)
  A hobgoblin skeleton (D:6)
  2 hobgoblin zombies (Ossuary)
  A jackal skeleton (D:7)
  A kobold skeleton (D:4)
  4 kobold zombies (Ossuary)
  An orc skeleton (D:9)
  An orc zombie (Ossuary)
  10 rats
  2 bushes (Lair:8)
  3 butterflies (D:7)
  A fungus (Lair:8)
  9 plants (Lair:8)
801 creatures vanquished.

Vanquished Creatures (collateral kills)
  A slime creature (D:12)
  The ghost of hackum the Archer, a powerful DgFi (IceCv)
  3 hydras
  An ugly thing (D:11)
  A manticore (D:11)
  A black mamba (Lair:8)
  A fire drake (Lair:8)
  2 blue devils (IceCv)
  7 blink frogs (Lair:3)
  A snapping turtle (Lair:5)
  2 water moccasins
  An orc warrior (D:10)
  An ice beast (IceCv)
  3 big kobolds (D:8)
  3 killer bees (D:7)
  An electric eel (Lair:5)
  An orc (D:12)
  5 kobolds (D:8)
36 creatures vanquished.

Vanquished Creatures (others)
  A troll (D:12)
  A fire vortex (Orc:3)
  A two-headed ogre (D:11)
  A shadow (Lair:8)
  7 ogres
  An orc (Orc:4)
  5 fungi
  A plant (Lair:8)
18 creatures vanquished.

Grand Total: 855 creatures vanquished

Notes
Turn   | Place    | Note
--------------------------------------------------------------
     0 | D:1      | Kashira, the Vine Stalker Berserker, began the quest for the Orb.
     0 | D:1      | Reached XP level 1. HP: 11/11 MP: 1/1
   116 | D:1      | Reached skill level 3 in Axes
   170 | D:1      | Reached XP level 2. HP: 16/16 MP: 3/3
   795 | D:1      | Reached XP level 3. HP: 16/19 MP: 2/4
   846 | D:2      | Acquired Trog's second power
   889 | D:2      | Found an ancient bone altar of Kikubaaqudgha.
   972 | D:2      | Noticed Sigmund
   973 | D:2      | Reached skill level 4 in Axes
   985 | D:2      | Killed Sigmund
   985 | D:2      | Reached skill level 5 in Axes
   985 | D:2      | Reached XP level 4. HP: 21/23 MP: 5/5
   985 | D:2      | Reached XP level 5. HP: 24/27 MP: 7/7
   995 | D:2      | HP: 1/27 [gnoll/halberd (4)]
  1078 | D:2      | Noticed Jessica
  1086 | D:2      | Killed Jessica
  1475 | D:3      | Noticed Grinder
  1486 | D:3      | Killed Grinder
  1486 | D:3      | Reached skill level 6 in Axes
  1486 | D:3      | Gained mutation: You heal very quickly. [vine stalker growth]
  1486 | D:3      | Reached XP level 6. HP: 32/32 MP: 8/8
  1588 | D:3      | Reached skill level 7 in Axes
  1588 | D:3      | Reached XP level 7. HP: 23/35 MP: 6/9
  1697 | D:3      | Upgraded the game from 0.16-a0-1212-geefc3ab to 0.16-a0-1243-g6e0463c
  2604 | D:4      | Reached skill level 8 in Axes
  2661 | D:4      | Noticed Menkaure
  2675 | D:4      | Killed Menkaure
  2802 | D:4      | Gained mutation: You have razor-sharp teeth. [vine stalker growth]
  2802 | D:4      | Reached XP level 8. HP: 14/39 MP: 4/11
  2867 | D:4      | Acquired Trog's third power
  3013 | D:4      | Noticed Prince Ribbit
  3022 | D:4      | Killed Prince Ribbit
  3022 | D:4      | Reached skill level 9 in Axes
  3189 | D:5      | Entered Level 5 of the Dungeon
  3527 | D:5      | Found a white marble altar of Elyvilon.
  3776 | D:6      | Noticed Natasha
  3787 | D:6      | Killed Natasha
  3823 | D:6      | Reached XP level 9. HP: 44/44 MP: 12/12
  3954 | D:6      | Noticed Duvessa
  3955 | D:6      | Noticed Dowan
  3977 | D:6      | Killed Duvessa
  3977 | D:6      | Reached skill level 10 in Axes
  3981 | D:6      | Killed Dowan
  4001 | D:6      | Found a sacrificial altar of Ru.
  4004 | D:6      | Found a glowing silver altar of Zin.
  4022 | D:6      | Noticed Natasha
  4027 | D:6      | Killed Natasha
  4104 | D:6      | Noticed Ijyb
  4117 | D:6      | Killed Ijyb
  4122 | D:6      | Got a pitted leather armour
  4133 | D:6      | Identified the +0 leather armour of Reason {Int+3} (You found it on level 6 of the Dungeon)
  4217 | D:6      | Found a staircase to the Ecumenical Temple.
  4272 | D:6      | Found a radiant altar of Vehumet.
  4374 | D:6      | Noticed hackum's ghost (experienced DgFi)
  4387 | D:6      | Killed hackum's ghost
  4387 | D:6      | Reached skill level 1 in Stealth
  4452 | D:7      | Found a sand-covered staircase.
  4458 | Ossuary  | Entered an ossuary
  4479 | Ossuary  | Reached skill level 5 in Dodging
  4900 | D:7      | Found a shimmering altar of Xom.
  5250 | D:7      | Reached XP level 10. HP: 47/51 MP: 13/13
  5598 | D:8      | Noticed Eustachio
  5611 | D:8      | Killed Eustachio
  5740 | D:8      | Found a staircase to the Lair.
  5776 | D:8      | Paralysed by a yellow wasp for 2 turns
  5878 | D:8      | Found a bloodstained altar of Trog.
  6031 | D:8      | Reached skill level 5 in Fighting
  6491 | D:8      | Gained mutation: Your spells are a little easier to cast, but a little less powerful. [mutagenic meat]
  6492 | D:8      | Gained mutation: You have a pair of small horns on your head. [mutagenic meat]
  6493 | D:8      | Gained mutation: You are partially covered in icy blue scales (AC +1). [mutagenic meat]
  6538 | D:8      | Noticed Joseph
  6548 | D:8      | Killed Joseph
  6711 | D:8      | Reached skill level 5 in Stealth
  6792 | Lair:1   | Entered Level 1 of the Lair of Beasts
  6814 | Lair:2   | Noticed Fannar
  6833 | Lair:2   | Killed Fannar
  6893 | Lair:2   | Found a frozen archway.
  6960 | IceCv    | Entered an ice cave
  6993 | IceCv    | Reached XP level 11. HP: 38/56 MP: 13/15
  7014 | IceCv    | Noticed hackum's ghost (powerful DgFi)
  7019 | IceCv    | Killed hackum's ghost
  7029 | IceCv    | Noticed an ice statue
  7029 | IceCv    | Noticed an ice statue
  7121 | IceCv    | Killed an ice statue
  7172 | IceCv    | Killed an ice statue
  7529 | IceCv    | Noticed a necromancer
  7549 | IceCv    | Killed a necromancer
  7550 | IceCv    | Noticed an ice statue
  7628 | IceCv    | Killed an ice statue
  7933 | Lair:2   | Gained mutation: You are frail (-10% HP). [potion of mutation]
  7933 | Lair:2   | Gained mutation: Your mind is acute. (Int +2) [potion of mutation]
  7934 | Lair:2   | Gained mutation: Your magical capacity is low (-10% MP). [potion of mutation]
  7934 | Lair:2   | Gained mutation: You are partially covered in slimy green scales (AC +2). [potion of mutation]
  7934 | Lair:2   | Lost mutation: Your mind is acute. (Int +2) [potion of mutation]
  7935 | Lair:2   | Lost mutation: Your magical capacity is low (-10% MP). [potion of mutation]
  7935 | Lair:2   | Lost mutation: Your spells are a little easier to cast, but a little less powerful. [potion of mutation]
  7935 | Lair:2   | Lost mutation: You have a pair of small horns on your head. [potion of mutation]
  7936 | Lair:2   | Gained mutation: Space occasionally distorts in your vicinity. [potion of mutation]
  7936 | Lair:2   | Gained mutation: Your system is resistant to poisons. [potion of mutation]
  7936 | Lair:2   | Gained mutation: You can breathe flames. [potion of mutation]
  9484 | Lair:3   | Noticed a five-headed hydra
  9495 | Lair:3   | Killed a six-headed hydra
  9809 | Lair:3   | Gained mutation: You regenerate. [vine stalker growth]
  9809 | Lair:3   | Reached XP level 12. HP: 56/56 MP: 16/16
 11008 | D:9      | Received a gift from Trog
 11086 | D:9      | Noticed Edmund
 11102 | D:9      | Killed Edmund
 11187 | D:9      | Found a stormy altar of Qazlal.
 11860 | D:10     | Entered Level 10 of the Dungeon
 11862 | D:10     | Reached skill level 10 in Dodging
 12339 | D:10     | Reached skill level 11 in Axes
 13212 | D:12     | Received a gift from Trog
 13644 | D:12     | Found a staircase to the Orcish Mines.
 13707 | Orc:1    | Entered Level 1 of the Orcish Mines
 13738 | Orc:1    | Noticed Psyche
 13751 | Orc:1    | Killed Psyche
 13809 | Orc:1    | Found Foefrom's Jewellery Shop.
 13824 | Orc:1    | Bought an uncursed amulet of faith for 560 gold pieces
 13914 | Orc:1    | Received a gift from Trog
 14172 | Orc:2    | Reached XP level 13. HP: 63/63 MP: 5/17
 14408 | Orc:3    | Found a staircase to the Elven Halls.
 14687 | Orc:3    | Received a gift from Trog
 15185 | Orc:4    | Entered Level 4 of the Orcish Mines
 15262 | Orc:4    | Reached skill level 12 in Axes
 15498 | Orc:4    | Received a gift from Trog
 15729 | Orc:4    | Found Yroociaru's Antique Weapon Shoppe.
 15729 | Orc:4    | Found Qerufale's Weapon Boutique.
 15730 | Orc:4    | Found Mnuipaoca's Gadget Boutique.
 15730 | Orc:4    | Found Naamyrgh's Assorted Antiques.
 15745 | Orc:4    | Bought a lantern of shadows for 580 gold pieces
 15745 | Orc:4    | Bought a potion of curing for 58 gold pieces
 15745 | Orc:4    | Bought a potion of agility for 72 gold pieces
 15747 | Orc:4    | Bought a fan of gales for 440 gold pieces
 15747 | Orc:4    | Bought a lamp of fire for 440 gold pieces
 15828 | Orc:4    | Reached skill level 1 in Evocations
 16635 | Lair:4   | Received a gift from Trog
 16717 | Lair:4   | Reached skill level 5 in Armour
 17475 | Lair:5   | Found a staircase to the Shoals.
 17677 | Lair:5   | Received a gift from Trog
 17706 | Lair:5   | Found a hole to the Spider Nest.
 17792 | Lair:6   | Reached skill level 10 in Fighting
 18078 | Lair:6   | Found a staircase to the Slime Pits.
 18200 | Lair:6   | Reached XP level 14. HP: 62/69 MP: 19/22
 18203 | Lair:6   | Reached skill level 13 in Axes
 18904 | Lair:7   | Received a gift from Trog
 19565 | Lair:8   | Entered Level 8 of the Lair of Beasts
 20323 | Lair:8   | Received a gift from Trog
 20358 | Lair:8   | Reached skill level 5 in Evocations
 20531 | Lair:8   | Received a gift from Trog
 20585 | Lair:8   | Got a heavily runed helmet
 20605 | Lair:8   | Identified the +2 helmet of Narcissism {Str+1 Int+1} (You found it on level 8 of the Lair of Beasts)
 21476 | Shoals:1 | Entered Level 1 of the Shoals
 21662 | Shoals:1 | HP: 5/103 [merfolk javelineer/spear of venom (10)]
 21663 | Shoals:1 | Mangled by a merfolk impaler

Action                   |  1- 3 |  4- 6 |  7- 9 | 10-12 | 13-15 || total
-------------------------+-------+-------+-------+-------+-------++-------
Melee: Hand axe          |    58 |    63 |   474 |   550 |       ||  1145
       Quarterstaff      |       |       |       |    71 |       ||    71
       Broad axe         |       |       |       |   338 |       ||   338
       War axe           |       |       |       |    59 |       ||    59
       Battleaxe         |       |       |       |    44 |    52 ||    96
       Executioner's axe |       |       |       |       |   790 ||   790
Invok: Berserk           |     1 |     2 |    12 |    19 |     4 ||    38
       Brothers in Arms  |       |       |     4 |    12 |     3 ||    19
       Trog's Hand       |       |       |       |     1 |     3 ||     4
  Use: Scroll            |       |       |    14 |     9 |     6 ||    29
       Potion            |       |       |     1 |     4 |       ||     5
 Stab: Sleeping          |       |       |     2 |    29 |     6 ||    37
       Distracted        |       |       |       |     2 |     1 ||     3
  Eat: Chunk             |       |     4 |     9 |    20 |    13 ||    46
       Meat ration       |       |       |     3 |     6 |     1 ||    10
       Pizza             |       |       |     1 |     1 |     1 ||     3
       Beef jerky        |       |       |     1 |       |     1 ||     2
       Fruit             |       |       |     1 |       |       ||     1
       Bread ration      |       |       |       |     1 |     2 ||     3
